 Dungeon Crawl Stone Soup version 0.26-a0-694-g74916bafe0 (webtiles) character file.

Game seed: 11808946580491105565

112341 Grim the Devastator (level 16, -4/92 HPs)
             Began as a Deep Elf Conjurer on Oct 24, 2020.
             Was a High Priest of Vehumet.
             Killed from afar by Frances (47 damage)
             ... with an iron shot
             ... on level 1 of the Swamp on Oct 25, 2020.
             The game lasted 02:49:56 (45262 turns).

Grim the Devastator (Deep Elf Conjurer)            Turns: 45262, Time: 02:49:57

Health: -4/92      AC: 15    Str:  9    XL:     16   Next: 11%
Magic:  23/33      EV: 15    Int: 32    God:    Vehumet [*****.]
Gold:   1468       SH:  5    Dex: 20    Spells: 3/38 levels left

rFire    + + .     SeeInvis .   e - +8 quarterstaff "Foesk" {vamp, Str+3}
rCold    + . .     Faith    .   (shield currently unavailable)
rNeg     + . .     Spirit   .   K - +0 acid dragon scales
rPois    .         Reflect  +   h - +0 helmet of Youthful Indiscretion {rN+ Dex+4 Stlth+}
rElec    .         Harm     .   N - scarf {+Inv}
rCorr    +         Rampage  .   A - +0 pair of fencer's gloves {Riposte Dex+3}
MR       ++...                  z - +2 pair of boots of Kanuus {rC+ MR+ Int+3}
Stlth    ++........             a - amulet of reflection
HPRegen  0.25/turn              t - +4 ring of protection
MPRegen  0.23/turn              i - ring of protection from fire

@: studying Stealth, very slow
A: fire resistance 1
a: Renounce Religion, Evoke Invisibility


You were on level 1 of the Swamp.
You worshipped Vehumet.
Vehumet was extremely pleased with you.
You visited 5 branches of the dungeon, and saw 25 of its levels.
You also visited: Gauntlet.

You collected 2398 gold pieces.
You spent 930 gold pieces at shops.

Inventory:

Hand Weapons
 e - the +8 quarterstaff "Foesk" (weapon) {vamp, Str+3}
   (You found it on level 1 of the Lair of Beasts)

   It inflicts no extra harm, but heals its wielder when it wounds a living foe.
   It affects your strength (+3).
Missiles
 d - a throwing net
 y - 14 boomerangs (quivered)
 Z - 5 atropa-tipped darts
Armour
 h - the +0 helmet of Youthful Indiscretion (worn) {rN+ Dex+4 Stlth+}
   (You bought it in a shop on level 2 of the Orcish Mines)

   It affects your dexterity (+4).
   It protects you from negative energy.
   It makes you more stealthy.
 z - the +2 pair of boots of Kanuus (worn) {rC+ MR+ Int+3}
   (You bought it in a shop on level 1 of the Orcish Mines)

   It affects your intelligence (+3).
   It protects you from cold.
   It affects your resistance to hostile enchantments.
 A - the +0 pair of fencer's gloves (worn) {Riposte Dex+3}
   (You found it on level 15 of the Dungeon)

   It affects your dexterity (+3).
 K - +0 acid dragon scales (worn)
 N - a scarf of invisibility (worn)
Jewellery
 a - an amulet of reflection (around neck)
 b - an uncursed ring of resist corrosion
 i - a ring of protection from fire (right hand)
 p - an uncursed ring of protection from fire
 t - a +4 ring of protection (left hand)
 C - an uncursed ring of flight
 E - an uncursed ring of protection from magic
 M - an uncursed ring of positive energy
 R - an uncursed ring of positive energy
 S - an uncursed amulet of faith
Wands
 H - a wand of disintegration (11)
 L - a wand of polymorph (21)
 O - a wand of enslavement (5)
 Q - a wand of iceblast (10)
 U - a wand of acid (30)
Scrolls
 c - 6 scrolls of magic mapping
 f - 7 scrolls of remove curse
 j - 6 scrolls of immolation
 m - a scroll of fear
 n - 4 scrolls of amnesia
 o - 5 scrolls of identify
 q - 2 scrolls of random uselessness {unknown}
 v - a scroll of teleportation
 w - a scroll of torment {unknown}
 x - 3 scrolls of enchant armour {unknown}
 B - 3 scrolls of enchant weapon {unknown}
 F - a scroll of silence {unknown}
 I - 2 scrolls of fog {unknown}
 T - a scroll of noise {unknown}
 W - a scroll of acquirement {unknown}
Potions
 g - 9 potions of brilliance
 l - 4 potions of might
 r - a potion of experience {unknown}
 u - 5 potions of stabbing
 P - a potion of flight
 V - 2 potions of resistance
 Y - a potion of mutation {unknown}
Books
 s - a manual of Stealth
Miscellaneous
 k - a tin of tremorstones (3/3)
 D - a lightning rod (4/4)


   Skills:
 - Level 7.7 Fighting
 - Level 3.3 Staves
 - Level 2.1 Armour
 - Level 6.3 Dodging
 - Level 2.4 Stealth
 - Level 11.5 Spellcasting
 + Level 18.6 Conjurations
 - Level 11.0 Hexes
 - Level 10.4 Translocations
 - Level 10.2 Fire Magic
 - Level 4.5 Ice Magic
 - Level 1.1 Air Magic
 - Level 10.5 Earth Magic
 - Level 1.3 Poison Magic


You had 3 spell levels left.
You knew the following spells:

 Your Spells              Type           Power        Failure   Level
a - Orb of Destruction    Conj           #######...   1%          7
b - Fireball              Conj/Fire      #######...   1%          5
c - Fulminant Prism       Conj/Hex       #######...   1%          4
d - Iskenderun's Mystic   Conj/Tloc      #######.     1%          4
e - Stone Arrow           Conj/Erth      ######       1%          3
f - Mephitic Cloud        Conj/Pois/Air  ######..     1%          3
g - Apportation           Tloc           ######       1%          1
h - Bolt of Magma         Conj/Fire/Erth #######...   1%          5
i - Ozocubu's Armour      Ice            #####...     1%          3

Your spell library contained the following spells:

 Spells                   Type           Power        Failure   Level
 Ozocubu's Refrigeration  Ice            #####.....   26%         6
 Magic Dart               Conj           ####         0%          1
 Searing Ray              Conj           ######       0%          2
 Corona                   Hex            ######.      1%          1
 Freeze                   Ice            ####         1%          1
 Dazzling Flash           Conj/Hex       ######       1%          3
 Frozen Ramparts          Ice            #####.       1%          3
 Ignite Poison            Fire/Tmut/Pois #####...     1%          3
 Sting                    Tmut/Pois      ###.         3%          1
 Animate Skeleton         Necr           ###...       4%          1
 Summon Small Mammal      Summ           ###.         4%          1
 Poisonous Vapours        Pois/Air       ####..       4%          2
 Hailstorm                Conj/Ice       #######.     1%          4
 Olgreb's Toxic Radiance  Pois           ####....     7%          4
 Summon Ice Beast         Ice/Summ       ####....     17%         4


Dungeon Overview and Level Annotations

Branches:
Dungeon (15/15)            Temple (1/1) D:6            Lair (6/6) D:11
  Swamp (1/4) Lair:4        Snake (0/4) Lair:4        Slime (0/5) Lair:6
    Orc (2/2) D:9             Elf (0/3) Orc:2        Vaults (0/5) D:13
 Depths (0/5) D:15        Gauntlet (visited)

Altars:
Ashenzari
Cheibriados
Dithmenos
Elyvilon
Fedhas
Gozag
Hepliaklqana
Kikubaaqudgha
Makhleb
Nemelex Xobeh
Okawaru
Qazlal
Ru
Sif Muna
Trog
Uskayaw
Vehumet
Wu Jian
Xom
Yredelemnul
Zin
The Shining One
Jiyva

Shops:
D:6 !   D:8 }   Orc:1 [   Orc:2 *(::

Annotations:
Lair:1 exclusion: 3 oklob plants
Swamp:1 Frances


Innate Abilities, Weirdness & Mutations

Your flesh is heat resistant. (rF+)


Message History

Frances is lightly wounded.
Unknown command.
Casting: Fulminant Prism (safe; 1% risk of failure)
Confirm with . or Enter, or press ? or * to list all spells.
You can't see any susceptible monsters within range! (Use Z to cast anyway.) Unknown command.
Casting: Fulminant Prism (safe; 1% risk of failure)
Confirm with . or Enter, or press ? or * to list all spells.
Aiming: Orb of Destruction (dangerous; 1% risk of failure)
Press: ? - help, Shift-Dir - straight line, f - Frances
Aim: Frances, wielding a +0 long sword and wearing a +3 ring mail of poison resistance (lightly wounded) Unknown command.
You enter the shallow water.
Moving in this stuff is going to be slow.
The orb of destruction hits Frances!!!
Frances is heavily wounded.
Frances whispers indecipherable words.
The iron shot hits you!!!
Ouch! That really hurt!
You die...

♣♣♣♣..≈≈≈≈..≈≈.†..♣
♣≈.♣..≈≈≈≈.≈≈≈≈≈†.♣
♣..≈≈......≈≈≈.≈≈.♣
≈.....§.♣♣.≈≈.♣♣♣≈♣
...≈≈....≈.≈...♣≈.♣♣
...≈≈≈≈........≈@○.♣
..♣≈..♣.....≈≈..○..♣
≈≈.♣♣♣♣...≈.≈≈≈≈.≈.♣
≈≈≈≈♣♣...[♣♣≈≈≈.@≈.♣
≈≈≈♣.....≈≈.≈≈≈≈≈.≈♣
≈≈.♣.........≈....♣♣
.≈♣≈..).....≈...≈≈.♣
♣....≈≈≈§..≈≈.≈.≈≈♣♣
..≈≈..♣♣♣♣....♣♣♣♣♣
..≈≈≈≈.♣♣♣♣♣..♣
.≈.≈≈≈≈≈≈.♣♣♣♣♣
§..≈≈≈≈≈≈.≈♣♣


You could see Frances.

Vanquished Creatures
  Saint Roka (Orc:2)
  Rupert (D:11)
  Agnes (D:13)
  Kirke (D:12)
  Azrael (D:14)
  5 dire elephants (Lair:6)
  Josephine (D:13)
  The ghost of Mirooz the Cleaver, a journeyman GrFi of Okawaru (D:13)
  Erolcha (D:9)
  5 hydras
  An anaconda (Lair:6)
  A catoblepas (D:14)
  A death knight (D:15)
  3 centaur warriors
  3 two-headed ogres
  2 dancing weapons (D:13)
  4 alligators (Swamp:1)
  A tengu warrior (D:14)
  11 death yaks
  3 orc high priests (Orc:2)
  A fire crab (Lair:5)
  9 skeletal warriors
  2 unseen horrors
  5 orc knights
  4 wizards
  9 ugly things
  6 cyclopes
  A necromancer (D:15)
  2 oklob plants
  6 orc sorcerers (Orc:2)
  10 elephants
  A manticore (D:14)
  5 deep elf magi
  3 black mambas
  A naga mage (D:15)
  Psyche (D:9)
  3 gargoyles
  Maggie (D:9)
  12 cane toads
  A rime drake (Lair:4)
  8 komodo dragons
  6 kobold demonologists
  3 freezing wraiths
  A tengu conjurer (D:14)
  2 polar bears
  9 trolls
  A tyrant leech (Lair:4)
  3 meliai
  Prince Ribbit (D:9)
  2 bog bodies (Swamp:1)
  8 slime creatures
  16 blink frogs
  3 hornets
  A meliai zombie (D:15)
  Sigmund (D:3)
  52 yaks
  4 shadows
  3 wyverns
  A centaur simulacrum (D:15)
  A vampire (D:12)
  8 wraiths
  A spriggan (Swamp:1)
  3 hogs (D:12)
  A human (D:13)
  7 basilisks
  3 steam dragons
  A fire elemental (D:13)
  2 vampire mosquitoes (D:12)
  Menkaure (D:6)
  A soldier ant (D:9)
  A warg (Orc:1)
  An acid dragon (D:11)
  21 water moccasins
  A swamp drake (Swamp:1)
  4 hell hounds (D:14)
  A hornet zombie (D:6)
  29 orc warriors
  2 sky beasts
  2 phantoms
  2 ice beasts
  2 black bears
  A necrophage (D:11)
  14 centaurs
  8 ogres
  12 wolves
  19 big kobolds
  13 bullfrogs
  3 gnoll sergeants (D:9)
  4 scorpions
  2 jellies
  3 wights (D:13)
  6 electric eels
  A howler monkey (D:5)
  A crimson imp (D:12)
  A bullfrog zombie (D:8)
  6 hounds
  2 quasits
  3 centaur zombies
  6 centaur skeletons
  19 orc priests
  22 orc wizards
  4 bullfrog skeletons
  Jessica (D:3)
  3 iguanas
  7 worker ants
  A killer bee zombie (D:8)
  A hound zombie (D:11)
  A hound skeleton (D:5)
  A worker ant zombie (D:4)
  Robin (D:4)
  A howler monkey skeleton (D:10)
  18 adders
  4 gnolls (D:9)
  6 white imps
  An ufetubus (D:6)
  An ooze (D:3)
  2 adder skeletons (D:4)
  2 worms
  2 dart slugs
  5 leopard geckos
  71 orcs
  2 ball pythons
  4 giant cockroaches
  13 goblins
  11 hobgoblins
  7 jackals
  A quokka (D:5)
  6 bats
  4 frilled lizards
  30 kobolds
  A quokka skeleton (D:4)
  8 rats
717 creatures vanquished.

Vanquished Creatures (others)
  An orc priest (Orc:2)
  A kobold (D:13)
  3 demonic plants (Gauntlet)
  198 fulminant prisms
  60 fungi
  174 plants
437 creatures vanquished.

Grand Total: 1154 creatures vanquished

Notes
Turn   | Place    | Note
-------+----------+-------------------------------------------
     0 | D:1      | Grim the Deep Elf Conjurer began the quest for the Orb.
     0 | D:1      | Reached XP level 1. HP: 10/10 MP: 6/6
   408 | D:1      | Reached XP level 2. HP: 15/15 MP: 5/8
   417 | D:1      | Reached skill level 5 in Conjurations
   456 | D:1      | Learned a level 2 spell: Searing Ray
  1060 | D:2      | Reached XP level 3. HP: 19/19 MP: 4/9
  1159 | D:2      | Found a white marble altar of Elyvilon.
  1745 | D:3      | Reached skill level 6 in Conjurations
  1893 | D:3      | Noticed Jessica
  2099 | D:3      | Killed Jessica
  2099 | D:3      | Reached XP level 4. HP: 24/24 MP: 2/10
  2237 | D:3      | Noticed Sigmund
  2246 | D:3      | Killed Sigmund
  2246 | D:3      | Reached skill level 7 in Conjurations
  2246 | D:3      | Reached XP level 5. HP: 21/28 MP: 1/11
  2420 | D:3      | Reached skill level 8 in Conjurations
  2485 | D:3      | Noticed an ogre
  2490 | D:3      | Killed an ogre
  2490 | D:3      | Reached XP level 6. HP: 32/32 MP: 6/12
  3062 | D:3      | Learned a level 4 spell: Fulminant Prism
  3067 | D:3      | Learned a level 4 spell: Iskenderun's Mystic Blast
  3538 | D:4      | Noticed Robin
  3582 | D:4      | Killed Robin
  3582 | D:4      | Reached skill level 1 in Hexes
  3975 | D:4      | Found a shadowy altar of Dithmenos.
  4322 | D:5      | Entered Level 5 of the Dungeon
  4325 | D:5      | Reached skill level 9 in Conjurations
  4325 | D:5      | Reached XP level 7. HP: 36/36 MP: 9/13
  4746 | D:4      | Reached skill level 5 in Hexes
  5014 | D:5      | Found an opulent altar of Gozag.
  5242 | D:5      | Found an ornate altar of the Wu Jian Council.
  5608 | D:5      | Reached XP level 8. HP: 41/41 MP: 6/14
  6609 | D:6      | Found a staircase to the Ecumenical Temple.
  6627 | Temple   | Entered the Ecumenical Temple
  6645 | Temple   | Became a worshipper of Vehumet
  7038 | D:6      | Found Hojel's Distillery.
  7266 | D:6      | Noticed Menkaure
  7482 | D:6      | Killed Menkaure
  8028 | D:6      | Reached skill level 10 in Conjurations
  8028 | D:6      | Reached skill level 1 in Translocations
  8686 | D:7      | Found a glowing silver altar of Zin.
  8688 | D:7      | Found a shimmering blue altar of Sif Muna.
  8915 | D:8      | Noticed a hornet
  8921 | D:7      | Killed a hornet
  9152 | D:8      | Reached * piety under Vehumet
  9152 | D:8      | Offered knowledge of Shock by Vehumet.
  9152 | D:8      | Reached XP level 9. HP: 24/45 MP: 7/15
  9424 | D:8      | Reached skill level 5 in Translocations
  9685 | D:8      | Found a sacrificial altar of Ru.
  9898 | D:8      | Reached skill level 11 in Conjurations
  9911 | D:8      | Reached ** piety under Vehumet
  9914 | D:8      | Offered knowledge of Foxfire by Vehumet.
 10277 | D:8      | Found Zutav's Gadget Shoppe.
 10410 | D:8      | Found a burning altar of Makhleb.
 11306 | D:9      | Noticed a kobold demonologist
 11565 | D:9      | Noticed Psyche
 11570 | D:9      | Killed Psyche
 11666 | D:9      | Found a broken altar of Ashenzari.
 11881 | D:9      | Noticed Maggie
 11915 | D:9      | Noticed Prince Ribbit
 11926 | D:9      | Killed Maggie
 11926 | D:9      | Reached XP level 10. HP: 50/50 MP: 8/16
 11987 | D:9      | Killed Prince Ribbit
 12082 | D:9      | Noticed a smoke demon
 12126 | D:9      | Noticed Erolcha
 12138 | D:9      | Killed Erolcha
 12138 | D:9      | Reached skill level 12 in Conjurations
 12138 | D:9      | Reached skill level 10 in Translocations
 12517 | D:9      | Reached skill level 1 in Fighting
 12615 | D:9      | Found a staircase to the Orcish Mines.
 13157 | D:10     | Entered Level 10 of the Dungeon
 13296 | D:10     | Noticed a gargoyle
 13435 | D:10     | Noticed a wizard
 13544 | D:10     | Offered knowledge of Stone Arrow by Vehumet.
 13666 | D:9      | Learned a level 3 spell: Stone Arrow
 13689 | D:10     | Reached skill level 1 in Earth Magic
 13784 | D:9      | Killed a wizard
 13821 | D:10     | Killed a gargoyle
 14630 | D:11     | Noticed a cyan ugly thing
 14635 | D:11     | Killed a cyan ugly thing
 14635 | D:11     | Reached XP level 11. HP: 60/60 MP: 5/17
 15000 | D:11     | Noticed an oklob plant
 15005 | D:11     | Found a staircase to the Lair.
 15015 | D:11     | Noticed a five-headed hydra
 15385 | D:11     | Noticed a two-headed ogre
 15390 | D:11     | Killed a two-headed ogre
 15390 | D:11     | Reached *** piety under Vehumet
 15440 | D:11     | Learned a level 3 spell: Mephitic Cloud
 15572 | D:11     | Killed a five-headed hydra
 15572 | D:11     | Reached skill level 5 in Dodging
 15572 | D:11     | Reached skill level 13 in Conjurations
 15827 | D:11     | Killed an unseen horror
 15827 | D:11     | Reached skill level 1 in Armour
 16002 | D:11     | You fall into a shaft and drop 2 floors!
 16102 | D:13     | Found a runed translucent gate.
 16102 | D:13     | Found a runed translucent gate.
 16102 | D:13     | Found a runed translucent gate.
 16102 | D:13     | Identified the +11 short sword of the Unspeakable One
                  | {elec, rC+ Int-3 Dex+9}
 16113 | D:13     | Reached skill level 1 in Air Magic
 16113 | D:13     | Reached skill level 1 in Poison Magic
 16163 | D:13     | Noticed a centaur warrior
 16164 | D:13     | Noticed a skeletal warrior
 16170 | D:14     | Noticed a deep elf mage
 16179 | D:13     | Offered knowledge of Inner Flame by Vehumet.
 17221 | D:13     | Identified the +8 whip of the Endless Expanse {pain, *Slow
                  | rN+ Str+2 Dex+9}
 17222 | D:13     | Noticed Mirooz's ghost (journeyman GrFi)
 17282 | D:13     | Noticed a +8 long sword
 17332 | D:12     | Noticed Rupert
 17350 | D:12     | Found a gate leading to a gauntlet.
 17359 | Gauntlet | Entered a Gauntlet
 17359 | Gauntlet | Found a transporter.
 17359 | Gauntlet | Found a transporter.
 17376 | Gauntlet | Found a transporter.
 17395 | Gauntlet | Found a transporter.
 17414 | Gauntlet | Found a transporter.
 17430 | Gauntlet | Found a transporter.
 17452 | Gauntlet | Found a transporter.
 17478 | Gauntlet | Learned a level 1 spell: Apportation
 17533 | Gauntlet | Found a transporter.
 17548 | Gauntlet | Found a transporter.
 17572 | Gauntlet | Found a transporter.
 17585 | Gauntlet | Found a transporter.
 17597 | Gauntlet | Noticed a cacodemon
 17670 | Gauntlet | Found a transporter.
 17670 | Gauntlet | Found a transporter.
 17753 | D:12     | Reached skill level 10 in Hexes
 17778 | D:11     | Paralysed by a hornet for 2 turns
 18159 | D:11     | Killed an oklob plant
 18246 | Lair:1   | Entered Level 1 of the Lair of Beasts
 18660 | Lair:1   | Got a twisted quarterstaff
 18661 | Lair:1   | Identified the +8 quarterstaff "Foesk" {vamp, Str+3} (You
                  | found it on level 1 of the Lair of Beasts)
 18898 | Lair:1   | Noticed an oklob plant
 18898 | Lair:1   | Noticed an oklob plant
 18898 | Lair:1   | Noticed an oklob plant
 19428 | Lair:1   | Reached XP level 12. HP: 47/66 MP: 5/20
 20226 | Lair:2   | Reached **** piety under Vehumet
 20242 | Lair:2   | Noticed an eight-headed hydra
 20248 | Lair:2   | Killed an eight-headed hydra
 20359 | Lair:2   | Reached skill level 5 in Fighting
 20608 | Lair:2   | Reached skill level 14 in Conjurations
 21706 | Lair:3   | Reached skill level 5 in Spellcasting
 21714 | Lair:3   | Offered knowledge of Bolt of Magma by Vehumet.
 21958 | Lair:3   | Learned a level 5 spell: Bolt of Magma
 22671 | Lair:4   | Found a staircase to the Snake Pit.
 23040 | Lair:3   | Learned a level 3 spell: Ozocubu's Armour
 23275 | Lair:3   | Reached skill level 1 in Fire Magic
 23650 | Lair:4   | Reached XP level 13. HP: 30/74 MP: 13/28
 23915 | Lair:4   | Reached skill level 5 in Earth Magic
 24417 | Lair:3   | Reached skill level 5 in Fire Magic
 24842 | Lair:4   | Found a staircase to the Swamp.
 25117 | Lair:4   | Upgraded the game from 0.26-a0-690-gcb57259078 to
                  | 0.26-a0-694-g74916bafe0
 27014 | Lair:6   | Entered Level 6 of the Lair of Beasts
 27267 | Lair:6   | Reached ***** piety under Vehumet
 27267 | Lair:6   | Offered knowledge of Orb of Destruction by Vehumet.
 28359 | Lair:6   | Found a viscous altar of Jiyva.
 28360 | Lair:6   | Found a staircase to the Slime Pits.
 28609 | Lair:6   | Reached skill level 10 in Spellcasting
 28619 | Lair:6   | Learned a level 7 spell: Orb of Destruction
 28728 | Lair:6   | Reached XP level 14. HP: 80/80 MP: 20/30
 29945 | Lair:6   | Reached skill level 10 in Earth Magic
 30088 | Lair:6   | Reached skill level 10 in Fire Magic
 31471 | D:11     | Killed Rupert
 31471 | D:11     | Reached skill level 1 in Staves
 31556 | D:12     | Reached skill level 15 in Conjurations
 31619 | D:12     | Noticed Kirke
 32071 | D:12     | Killed Kirke
 33683 | D:13     | Found a gate to the Vaults.
 33868 | D:13     | Killed Mirooz's ghost
 33868 | D:13     | Reached skill level 16 in Conjurations
 33880 | D:13     | Offered knowledge of Fireball by Vehumet.
 34139 | D:14     | Noticed Josephine
 34658 | D:14     | Noticed Agnes
 34658 | D:14     | Noticed Azrael
 34679 | D:13     | Killed Agnes
 35045 | D:14     | Reached XP level 15. HP: 84/84 MP: 25/32
 35052 | D:14     | Learned a level 5 spell: Fireball
 35437 | D:14     | Reached skill level 1 in Ice Magic
 35552 | D:14     | Killed Azrael
 36075 | D:13     | Killed Josephine
 37155 | D:14     | Found a blossoming altar of Fedhas.
 37481 | D:15     | Entered Level 15 of the Dungeon
 39095 | D:15     | Offered knowledge of Ozocubu's Refrigeration by Vehumet.
 39678 | D:15     | Found the +0 pair of fencer's gloves {Riposte Dex+3}
 39946 | D:15     | Reached skill level 17 in Conjurations
 40162 | D:15     | Found a staircase to the Depths.
 40519 | Orc:1    | Entered Level 1 of the Orcish Mines
 40519 | Orc:1    | Found Oxeutuak's Armour Emporium.
 40613 | Orc:1    | Bought the +2 pair of boots of Kanuus {rC+ MR+ Int+3} for
                  | 525 gold pieces
 40613 | Orc:1    | Bought a +0 helmet of see invisible for 149 gold pieces
 40808 | Orc:2    | Entered Level 2 of the Orcish Mines
 41135 | Orc:2    | Noticed Saint Roka
 41465 | Orc:2    | HP: 3/88 [Saint Roka/+0 great mace (32)]
 41827 | Orc:2    | Killed Saint Roka
 42401 | Orc:2    | Found a staircase to the Elven Halls.
 43256 | Orc:1    | Reached skill level 18 in Conjurations
 43535 | Orc:2    | Gained mutation: Your flesh is heat resistant. (rF+) [a
                  | neqoxec]
 43750 | Orc:2    | Reached XP level 16. HP: 92/92 MP: 23/33
 43975 | Orc:2    | Found Ytroclam's Book Boutique.
 43979 | Orc:2    | Found Cujufus's Weapon Emporium.
 43985 | Orc:2    | Found Sewice's Assorted Antiques.
 44018 | Orc:2    | Found Aliri's Book Boutique.
 44059 | Orc:2    | Bought a translucent helmet for 256 gold pieces
 44069 | Orc:2    | Identified the +0 helmet of Youthful Indiscretion {rN+
                  | Dex+4 Stlth+} (You bought it in a shop on level 2 of the
                  | Orcish Mines)
 44321 | Swamp:1  | Entered Level 1 of the Swamp
 45248 | Swamp:1  | Noticed Frances
 45262 | Swamp:1  | Killed from afar by Frances

Illustrated notes

Levels and vault maps discovered:
D:1:      elethiomel_arrival_infinity_welcomes_careful_drivers, layout_rooms
D:2:      layout_loops_ring, old_standard_altar
D:3:      layout_basic, uniq_jessica, uniq_sigmund
D:4:      layout_rooms, nicolae_dithmenos_through_a_glass_darkly, uniq_robin
D:5:      layout_gridville, lemuel_round_altar, grunt_gozag_statues,
          kennysheep_decorative_pillar, serial_bayou_ford_a
D:6:      layout_cave_pods, minmay_temple_entry_arrows, serial_shops, shop,
          roderic_lattice_a, uniq_menkaure
D:7:      layout_cave_pools, gammafunk_temple_overflow_wave
D:8:      layout_loops_cross, nicolae_ru_great_annihilating_truth,
          makhleb_heckhound_becter, serial_shops, shop, serial_bayou,
          serial_bayou_crossing, serial_bayou_lagoon_a, serial_bayou_shore_b,
          serial_bayou_lagoon_b, serial_bayou_pond_b, serial_bayou_pond_c,
          minmay_misc_feat_diagonals
D:9:      layout_roguey, cheibrodos_ashenzari_chains,
          kennysheep_orc_monster_closet_entryway,
          chequers_serial_rivers_small_a, small_statue_intersection,
          uniq_prince_ribbit1, uniq_psyche, uniq_erolcha, uniq_maggie
D:10:     layout_cave_pools
D:11:     layout_roguey, dpeg_oklobed_lair
D:12:     layout_cave_pools, gauntlet_entry_generic, hangedman_stone_soup,
          statue_in_the_mist_lemuel, uniq_rupert, uniq_kirke
D:13:     layout_roguey, erik_vaults_1, gammafunk_ghost_nasty_kobolds
D:14:     layout_cave_pools, fedhas_altar_fruit_tree, uniq_agnes, uniq_azrael,
          uniq_josephine
D:15:     grunt_enter_depths_magical_seal, layout_rooms,
          chequers_serial_rivers_room_b
Temple:   jpeg_temple_clearing
Lair:1:   minmay_lair_oklob_tunnel, layout_chaotic_city
Lair:2:   layout_chaotic_city, serial_bayou_pond_b, minmay_lair_oklob_chamber
Lair:3:   layout_loops_ring, grunt_megastairs_2
Lair:4:   layout_misc_corridors, swamp_mist_pool,
          minmay_snake_entry_six_corridors, nicolae_quartered_pool_super,
          st_stairs_4
Lair:5:   layout_roguey, chequers_serial_rivers_marsh
Lair:6:   due_jungle_book, layout_long_grid, dpeg_slime_entry_enclosed_altar,
          grunt_forest_small_clearings
Swamp:1:  layout_basic_swamp, nicolae_swamp_godswood, uniq_frances
Orc:1:    layout_diamond_mine, serial_shops, shop
Orc:2:    st_orc_elflike, layout_caves, uniq_saint_roka

Skill      XL: |  1  2  3  4  5  6  7  8  9 10 11 12 13 14 15 |
---------------+----------------------------------------------+-----
Conjurations   | 5 6 7 8 9 10 11 12 13 14 16 18 | 18.6
Hexes          | 3 6 8 11 | 11.0
Translocations | 4 9 10 | 10.4
Fighting       | 3 6 7 |  7.7
Earth Magic    | 4 9 10 | 10.5
Dodging        | 3 5 6 |  6.3
Spellcasting   | 4 9 10 11 | 11.5
Armour         | 2 |  2.1
Air Magic      | 1 |  1.1
Poison Magic   | 1 |  1.3
Fire Magic     | 2 8 10 | 10.2
Staves         | 3 |  3.3
Ice Magic      | 4 |  4.5
Stealth        | |  2.4

Action                   |  1- 3 |  4- 6 |  7- 9 | 10-12 | 13-15 | 16-18 || total
-------------------------+-------+-------+-------+-------+-------+-------++-------
Melee: Quarterstaff      |       |       |     5 |       |    59 |     5 ||    69
       Staff             |       |       |       |     3 |       |       ||     3
Throw: Boomerang         |       |       |     3 |     1 |    88 |    10 ||   102
 Cast: Magic Dart        |    68 |    52 |   239 |   202 |    55 |       ||   616
       Searing Ray       |     3 |    10 |    38 |    39 |     1 |       ||    91
       Fulminant Prism   |       |       |    20 |    85 |    85 |     8 ||   198
       Stone Arrow       |       |       |       |    98 |   130 |    25 ||   253
       Iskenderun's Myst |       |       |       |    48 |   107 |    14 ||   169
       Mephitic Cloud    |       |       |       |     4 |    52 |     3 ||    59
       Bolt of Magma     |       |       |       |     1 |    73 |     3 ||    77
       Orb of Destructio |       |       |       |       |   116 |     3 ||   119
       Apportation       |       |       |       |       |     1 |       ||     1
       Fireball          |       |       |       |       |    16 |       ||    16
       Ozocubu's Armour  |       |       |       |       |     3 |       ||     3
  Use: Scroll            |       |       |    10 |    10 |    18 |       ||    38
       Potion            |       |       |     5 |    10 |    11 |     1 ||    27
 Stab: Confused          |       |       |       |       |     1 |       ||     1
Armor: Robe              |       |     1 |    13 |     6 |       |       ||    20
       Skin              |       |       |    15 |       |       |       ||    15
       Acid dragon scale |       |       |       |    88 |   153 |     8 ||   249
Dodge: Dodged            |     5 |     8 |    59 |   135 |   213 |    12 ||   432
Block: Other             |       |       |    10 |    51 |    85 |     4 ||   150
       Reflection        |       |       |     4 |     6 |    11 |       ||    21
       Rpst.: Quarterstaff |       |       |       |       |     5 |     3 ||     8

Table legend: (Time is in decaauts)
 A = Elapsed time spent in this place.
 B = Non-inter-level travel time spent in this place.
 C = Inter-level travel time spent in this place.
 D = Time resting spent in this place.
 E = Time spent auto-exploring this place.
 F = Levels seen in this place.
 G = Mean time per level.
                   A        B        C        D        E       F      G
               +--------+--------+--------+--------+--------+-----+--------+
         Total |  45517 |  43175 |   2342 |  25144 |  11799 |  26 | 1750.7 |
       Dungeon |  28065 |  26591 |   1474 |  16145 |   6960 |  15 | 1871.0 |
        Temple |     87 |     73 |     14 |      0 |     65 |   1 |   87.0 |
          Lair |  12641 |  11922 |    719 |   6608 |   3724 |   6 | 2106.8 |
         Swamp |    662 |    660 |      2 |    381 |    178 |   1 |  662.0 |
  Orcish Mines |   3670 |   3539 |    131 |   2009 |    871 |   2 | 1835.0 |
      Gauntlet |    389 |    389 |      0 |      0 |      0 |   1 |  389.0 |
               +--------+--------+--------+--------+--------+-----+--------+

Top non-repeatable levels by time:
    D:13: 4664 daAuts
    D:11: 2871 daAuts
    D:14: 2704 daAuts
     D:9: 2559 daAuts
  Lair:6: 2515 daAuts
  Lair:3: 2446 daAuts
  Lair:4: 2282 daAuts
  Lair:5: 2139 daAuts
     D:8: 2136 daAuts
   Orc:2: 1943 daAuts
     D:6: 1810 daAuts
   Orc:1: 1727 daAuts
  Lair:2: 1724 daAuts
     D:5: 1703 daAuts
  Lair:1: 1533 daAuts
